 Dungeon Crawl Stone Soup version 0.22-a0-362-g535178c (webtiles) character file.

21 Amnesiac the Grave Robber (level 2, -3/21 HPs)
             Began as a Mummy Necromancer on Apr 19, 2018.
             Slain by a hound (4 damage)
             ... on level 5 of the Dungeon.
             The game lasted 00:03:07 (916 turns).

Amnesiac the Grave Robber (Mummy Necromancer)        Turns: 916, Time: 00:03:07

Health: -3/21      AC:  3    Str: 11    XL:     2   Next: 65%
Magic:  6/6        EV: 12    Int: 14    God:
Gold:   40         SH:  0    Dex: 12    Spells: 7/7 levels left

rFire    x . .     SeeInvis .   d - +0 mace
rCold    + . .     Gourm    .   (no shield)
rNeg     + + +     Faith    .   a - +0 robe
rPois    ∞         Spirit   .   f - +0 helmet
rElec    .         Reflect  .   (no cloak)
rCorr    .         Harm     .   (no gloves)
MR       .....                  (no boots)
Stlth    ++........             (no amulet)
HPRegen  0.07/turn              (no ring)
MPRegen  0.10/turn              (no ring)

@: no status effects
A: no food or potions, fire vulnerability, cold resistance 1, negative energy
resistance 3, torment resistance, unbreathing
a: no special abilities


You were on level 5 of the Dungeon.
You were not hungry.

You visited 1 branch of the dungeon, and saw 5 of its levels.

You collected 40 gold pieces.

Inventory:

Hand Weapons
 d - a +0 mace (weapon)
Armour
 a - a +0 robe (worn)
 f - a +0 helmet (worn)
Jewellery
 c - an uncursed amulet of rage {unknown}


   Skills:
 + Level 1.0 Fighting
 * Level 2.2 Dodging
 - Level 1.5 Stealth
 - Level 3.0 Spellcasting
   Level 4.0 Necromancy


You had 7 spell levels left.
You didn't know any spells.

Dungeon Overview and Level Annotations

Branches:
Dungeon (5/15)
 Temple: D:4-7

Altars:
Gozag
The Shining One

Shops:
D:2 *


Innate Abilities, Weirdness & Mutations

You do not eat or drink.
Your flesh is vulnerable to fire.
You are immune to poison.
Your flesh is cold resistant. (rC+)
You are immune to negative energy. (rN+++)
You are immune to unholy pain and torment.
You can survive without breathing.


Message History

You open the door.
There is an open door here.
A hound comes into view.
Found 11 gold pieces.
Found a pink potion.
You closely miss the hound. The hound bites you.
The hound completely misses you.
You closely miss the hound. The hound bites you but does no damage.
The hound barely misses you.
You barely miss the hound. The hound misses you. The hound barely misses you.
You hit the hound.
The hound is lightly wounded.
The hound barely misses you. The hound bites you.
You barely miss the hound.
The hound is lightly wounded.
The hound misses you. The hound bites you.
You barely miss the hound.
The hound is lightly wounded.
The hound closely misses you. The hound bites you but does no damage.
The hound misses you.
You hit the hound.
The hound is moderately wounded.
The hound barely misses you. x2
You hit the hound but do no damage.
The hound is moderately wounded.
The hound closely misses you. The hound barely misses you.
You closely miss the hound.
The hound is moderately wounded.
The hound bites you but does no damage. The hound bites you.
* * * LOW HITPOINT WARNING * * *
You hit the hound.
The hound is moderately wounded.
The hound bites you but does no damage. The hound misses you.
You miss the hound.
The hound is moderately wounded.
The hound closely misses you. The hound misses you.
You closely miss the hound.
The hound is moderately wounded.
The hound bites you but does no damage. The hound closely misses you.
You closely miss the hound.
The hound is moderately wounded.
The hound pauses to sniff the ground.
The hound closely misses you. x2
You closely miss the hound.
The hound is moderately wounded.
The hound bites you.
* * * LOW HITPOINT WARNING * * *
The hound bites you.
* * * LOW HITPOINT WARNING * * *
You are too injured to fight recklessly!
You are too injured to fight recklessly!
You are too injured to fight recklessly!
You are too injured to fight recklessly!
You are too injured to fight recklessly!
Really read
b - a scroll labeled WUVUSU GUMMALA {!r}?
As you read the scroll labeled WUVUSU GUMMALA {!r}, it crumbles to dust.
You feel blessed for a moment.
It was a scroll of remove curse {!r}.
The hound bites you.
* * * LOW HITPOINT WARNING * * *
The hound misses you.
You hit the hound.
The hound is severely wounded.
The hound bites you but does no damage. The hound bites you.
You die...

....#....#######'#.#+##
.....$...#######.#.#
.........#.......#.#
...................#
.###.#####.######### #.
#.# # #.# #h# #@#
.......$# .##...!..
#+######


You could see a hound.

Vanquished Creatures
  A dart slug (D:1)
  A leopard gecko (D:4)
  An orc (D:4)
  2 hobgoblins (D:3)
  3 jackals (D:2)
  2 quokkas
  2 frilled lizards (D:3)
  2 kobolds
  3 rats
17 creatures vanquished.

Notes
Turn   | Place    | Note
-------+----------+-------------------------------------------
     0 | D:1      | Amnesiac the Mummy Necromancer began the quest for the Orb.
     0 | D:1      | Reached XP level 1. HP: 13/13 MP: 4/4
   327 | D:2      | Found an opulent altar of Gozag.
   341 | D:2      | Found Gozag's Platinum Reserve.
   356 | D:2      | Reached XP level 2. HP: 18/20 MP: 2/5
   710 | D:4      | Reached skill level 1 in Fighting
   802 | D:4      | Found a glowing golden altar of the Shining One.
   842 | D:5      | Entered Level 5 of the Dungeon
   915 | D:5      | HP: 1/21 [hound (3)]
   916 | D:5      | Slain by a hound

Vault maps used:
D:1:      lightli_arrival_farm
D:2:      nicolae_gozag_zags_fifth_avenue
D:3:      uniq_jessica
D:4:      lemuel_round_altar, first_ration
D:5:      lemuel_round_altar, minmay_temple_entry_mist

Skill      XL: |  1  2 |
---------------+-------+-----
Dodging        | 2 |  2.2
Spellcasting   | 3 |  3.0
Fighting       | 1 |  1.0
Stealth        | |  1.5
Necromancy     | |  4.0

Action                   || total
-------------------------++-------
Melee: Unarmed           ||     5
       Mace              ||    23
 Cast: Pain              ||    27
  Use: Scroll            ||     5
 Stab: Sleeping          ||     1
Armor: Robe              ||     7
Dodge: Dodged            ||    31

Table legend:
 A = Spawn XP
 B = Non-spawn XP
 C = Spawn XP percentage of total XP
 D = Spawn monster count
 E = Non-spawn monster count
 F = Spawn count percentage of total count
 G = Total turns spent on level
                    A         B        C        D         E        F      G
               +---------+---------+-------+---------+---------+-------+---------
         Total |       0 |      31 |   0.0 |       0 |      17 |   0.0 |   916
               +---------+---------+-------+---------+---------+-------+---------
           D:1 |       0 |       7 |   0.0 |       0 |       4 |   0.0 |   251
           D:2 |       0 |       9 |   0.0 |       0 |       5 |   0.0 |   235
           D:3 |       0 |       9 |   0.0 |       0 |       6 |   0.0 |   273
           D:4 |       0 |       6 |   0.0 |       0 |       2 |   0.0 |    83
               +---------+---------+-------+---------+---------+-------+---------
